 Dungeon Crawl Stone Soup version 0.24.0-125-gc4c63601f3 (webtiles) character file.

Game seed: 5942215553140381673, levelgen mode: deterministic

89 Curus the Chopper (level 4, -1/39 HPs)
             Began as a Minotaur Monk on Mar 16, 2020.
             Killed by divine providence
             ... invoked by an orc priest
              (10 damage)
             ... on level 2 of the Dungeon.
             The game lasted 00:07:58 (1118 turns).

Curus the Chopper (Minotaur Monk)                   Turns: 1118, Time: 00:07:59

Health: -1/39      AC:  6    Str: 16      XL:     4   Next: 31%
Magic:  3/3        EV: 12    Int:  7      God:
Gold:   119        SH:  0    Dex: 12 (13) Spells: 3/3 levels left

rFire    . . .     SeeInvis .   a - +0 hand axe
rCold    . . .     Gourm    .   (no shield)
rNeg     . . .     Faith    .   f - +1 ring mail
rPois    .         Spirit   .   (helmet restricted)
rElec    .         Reflect  .   (no cloak)
rCorr    .         Harm     .   (no gloves)
MR       .....                  (no boots)
Stlth    +.........             (no amulet)
HPRegen  0.13/turn              (no ring)
MPRegen  0.08/turn              (no ring)

@: no status effects
A: retaliatory headbutt, horns 2
a: no special abilities


You were on level 2 of the Dungeon.
You were not hungry.

You visited 1 branch of the dungeon, and saw 2 of its levels.

You collected 119 gold pieces.

Inventory:

Hand Weapons
 a - a +0 hand axe (weapon)
Armour
 b - a +0 robe
 f - a +1 ring mail (worn)
Jewellery
 d - an uncursed ring of fire
Comestibles
 c - 6 rations
 g - 2 chunks of flesh


   Skills:
 - Level 3.6 Fighting
 + Level 6.3 Axes
 - Level 3.2 Dodging
 - Level 1.5 Stealth


You had 3 spell levels left.
You didn't know any spells.
Your spell library was empty.

Dungeon Overview and Level Annotations

Branches:
Dungeon (2/15)

Altars:


Innate Abilities, Weirdness & Mutations

You reflexively headbutt those who attack you in melee.
You have a pair of horns on your head.


Message History

Beogh smites you!
* * * LOW HITPOINT WARNING * * *
You hit the orc priest. Your headbutt misses the orc priest.
The orc priest is lightly wounded.
You hit the orc priest but do no damage.
The orc priest closely misses you. The orc priest misses you.
You hit the orc priest.
The orc priest is moderately wounded.
You hit the orc priest but do no damage.
The orc priest hits you.
* * * LOW HITPOINT WARNING * * *
The orc priest calls upon Beogh to heal the orc priest.
The orc priest is healed somewhat.
You hit the orc priest.
The orc priest is severely wounded.
You hit the orc priest but do no damage.
The orc priest hits you but does no damage.
The orc priest calls down the wrath of Beogh upon you.
Beogh smites you!
You die...

.......## #......#
........# #......#
........# #>.....#
........# #......#
........# #......#
........# #......#
.......## #......#
#.....###########....).###
#.##### ........@o.##....#
#.# #########o######.##
#.. ..o....o# #..# ###
.#...#..# ##.#### ..#


oo.. .... #....# ..... .o. ..... ####.#### #.#.. .o ......# #.รท... .# . .
...#.... #####. # .......#. #. You could see 2 orc priests and an orc.

Vanquished Creatures
  2 adders (D:2)
  2 worms (D:2)
  3 dart slugs
  3 leopard geckos
  2 orcs (D:2)
  5 bats
  4 giant cockroaches (D:1)
  7 goblins
  3 hobgoblins
  2 jackals (D:1)
  7 kobolds
  3 quokkas (D:2)
  A ball python (D:1)
  3 frilled lizards
  5 rats
52 creatures vanquished.

Notes
Turn   | Place    | Note
-------+----------+-------------------------------------------
     0 | D:1      | Curus the Minotaur Monk began the quest for the Orb.
     0 | D:1      | Reached XP level 1. HP: 19/19 MP: 0/0
    60 | D:1      | Reached skill level 4 in Axes
   138 | D:1      | Reached XP level 2. HP: 26/26 MP: 1/1
   346 | D:1      | Reached skill level 5 in Axes
   420 | D:1      | Reached XP level 3. HP: 26/31 MP: 2/2
  1059 | D:2      | Reached skill level 6 in Axes
  1059 | D:2      | Reached XP level 4. HP: 30/39 MP: 3/3
  1118 | D:2      | Killed from afar by an orc priest

Levels and vault maps discovered:
D:1:      co_arrival_square_in_a_square_in_a_square, layout_loops_ring,
          serial_glass, glass_columns_a, glass_columns_b, glass_columns_b,
          nrook_mini_backslash, minmay_statues_item
D:2:      cheibrodos_pilgrimage, layout_rooms, gammafunk_temple_overflow_statue,
          first_ration

Skill      XL: |  1  2  3 |
---------------+----------+-----
Axes           | 4 5 6 |  6.3
Fighting       | |  3.6
Dodging        | |  3.2
Stealth        | |  1.5

Action                   |  1- 3 |  4- 6 || total
-------------------------+-------+-------++-------
Melee: Hand axe          |   107 |    17 ||   124
       Headbutt          |    15 |       ||    15
  Use: Potion            |     3 |       ||     3
       Scroll            |     3 |       ||     3
  Eat: Chunk             |       |     1 ||     1
Armor: Robe              |     2 |       ||     2
       Ring mail         |    30 |     8 ||    38
Dodge: Dodged            |    60 |    12 ||    72
